AoeStats
← Pwncakes

Arena

510143390Analyzed
4v4 RM · 2d ago on Sep 29, 2026· 45m 58s· 8 players
Game mode
Random Map
Map size
Large (8 player)
Population
200
Speed
Normal
Resources
Standard
Victory
Conquest
Starting age
Dark Age
Ending age
Imperial Age
RankedLock teamsTeams togetherTeam positionsShared explorationLock speedFull tech treeHidden civsTurbo modeCheats
Victory
Defeat
🇹🇷 Danes · Türkiye
1421
+13
🇺🇸 Malians · United States
1370
+15
🇩🇪 Italians · Germany
1347
+16
🇹🇷 Varangians · Türkiye
1288
+19
🇮🇹 Ethiopians · Italy
1423
-19
🇮🇹 Mapuche · Italy
1381
-17
🇮🇳 Danes · India
1333
-15
🇩🇪 Varangians · Germany
1270
-12
DimitryKz
9:23 Feudal Age
13:39 Castle Age
11:31 Double-Bit Axe
11:43 Horse Collar
14:30 Bow Saw
14:33 Heavy Plow
18:06 Town Watch
20:31 Wheelbarrow
21:43 Hand Cart
21:32 Gold Mining
25:42 Imperial Age
24:12 Fletching
24:45 Ballistics
24:20 Loom
24:54 Bodkin Arrow
25:28 Crossbowman
26:14 Padded Archer Armor
27:27 Chemistry
28:11 Two-Man Saw
27:49 Town Patrol
28:11 Bracer
29:51 Thumb Ring
31:02 Arbalester
32:00 Elite Skirmisher
35:00 Conscription
35:27 Leather Archer Armor
37:54 Ring Archer Armor
37:30 Scale Barding Armor
37:36 Forging
38:37 Hoardings
44:54 Chain Barding Armor
45:10 Iron Casting
44:48 Bloodlines
43:59 Light Cavalry
45:48 Hussar
46:29 Husbandry
Gen ALPHA RIZZLER 67
7:37 Loom
10:43 Feudal Age
11:39 Double-Bit Axe
14:38 Castle Age
13:39 Horse Collar
17:49 Bow Saw
19:18 Stone Mining
20:36 Wheelbarrow
24:22 Wheelbarrow
25:59 Hand Cart
25:49 Heavy Plow
28:06 Scale Mail Armor
28:16 Forging
31:07 Imperial Age
29:07 Gold Mining
29:43 Squires
29:28 Arson
30:03 Chain Mail Armor
30:23 Iron Casting
30:14 Caravan
30:39 Gambesons
31:23 Elite Varangian Guard
32:36 Plate Mail Armor
33:12 Blast Furnace
31:42 Gothikon
35:20 Coinage
39:08 Banking
38:51 Guilds
39:50 Two-Man Saw
39:20 Crop Rotation
41:44 Conscription
43:02 Scale Barding Armor
44:07 Bloodlines
43:57 Husbandry
43:18 Cavalier
45:46 Chain Barding Armor
boomer grandpa
0:27 Loom
11:19 Feudal Age
15:07 Castle Age
14:30 Double-Bit Axe
14:25 Horse Collar
25:24 Scale Mail Armor
30:01 Squires
31:05 Forging
32:36 Wheelbarrow
32:30 Town Watch
34:01 Bow Saw
34:00 Heavy Plow
37:46 Imperial Age
37:33 Stone Mining
37:40 Gold Mining
39:19 Hand Cart
38:52 Elite Skirmisher
39:38 Thumb Ring
40:12 Fletching
40:22 Padded Archer Armor
40:45 Ballistics
42:14 Chemistry
41:10 Bodkin Arrow
42:02 Leather Archer Armor
42:46 Bracer
43:17 Ring Archer Armor
43:48 Cranequins
44:42 Masonry
44:43 Heavy Mounted Crossbowman
46:37 Bloodlines
46:27 Husbandry
Pwncakes
9:59 Feudal Age
13:48 Castle Age
12:05 Double-Bit Axe
15:07 Bow Saw
14:41 Horse Collar
15:27 Heavy Plow
17:11 Loom
19:53 Wheelbarrow
20:53 Clinker Construction
21:01 Treadmill Crane
23:13 Hand Cart
23:22 Forging
24:28 Fervor
24:54 Gold Mining
25:00 Stone Mining
25:07 Light Cavalry
27:16 Bloodlines
27:08 Husbandry
27:13 Scale Barding Armor
27:44 Iron Casting
27:54 Gold Shaft Mining
29:00 Chain Barding Armor
29:26 Squires
29:28 Scale Mail Armor
32:06 Imperial Age
30:48 Masonry
31:06 Scale Mail Armor
31:56 Squires
31:42 Arson
32:13 Chain Mail Armor
31:35 Man-at-Arms
32:21 Long Swordsman
34:58 Conscription
35:09 Plate Mail Armor
34:05 Elite Gbeto
35:40 Farimba
36:16 Plate Barding Armor
35:03 Cavalier
36:14 Fletching
41:03 Coinage
41:13 Guilds
42:47 Caravan
43:18 Banking
43:08 Bodkin Arrow
44:30 Chemistry
44:01 Architecture
Wendysocute
10:18 Feudal Age
14:01 Castle Age
12:37 Double-Bit Axe
15:16 Horse Collar
20:00 Wheelbarrow
21:25 Bow Saw
22:22 Heavy Plow
22:17 Gold Mining
23:49 Loom
24:20 Hand Cart
27:37 Imperial Age
25:49 Elite Skirmisher
26:25 Fletching
26:36 Padded Archer Armor
26:54 Treadmill Crane
27:50 Malon
29:29 Chemistry
29:02 Conscription
29:22 Bodkin Arrow
30:31 Leather Archer Armor
32:05 Ring Archer Armor
34:48 Butalmapu
fengxxx
11:23 Feudal Age
15:14 Castle Age
14:07 Double-Bit Axe
14:59 Horse Collar
19:16 Bow Saw
25:11 Loom
34:10 Wheelbarrow
33:58 Heavy Plow
35:29 Hand Cart
36:02 Forging
37:23 Vendel Legacy
511
9:38 Feudal Age
13:38 Castle Age
11:36 Double-Bit Axe
12:12 Horse Collar
15:03 Bow Saw
16:41 Loom
19:48 Wheelbarrow
27:16 Imperial Age
24:45 Town Watch
25:20 Gold Mining
26:49 Fletching
27:28 Ballistics
27:17 Squires
27:20 Crossbowman
28:01 Bodkin Arrow
28:29 Hand Cart
29:49 Thumb Ring
29:57 Arbalester
30:42 Bracer
31:53 Chemistry
31:20 Padded Archer Armor
32:21 Leather Archer Armor
32:32 Town Watch
33:18 Conscription
33:43 Ring Archer Armor
33:02 Arson
37:17 Man-at-Arms
37:29 Heavy Scorpion
38:50 Siege Engineers
39:17 Royal Heirs
39:20 Torsion Engines
39:32 Capped Ram
40:29 Siege Ram
43:10 Elite Skirmisher
Void Walker
11:05 Feudal Age
14:38 Castle Age
12:39 Double-Bit Axe
12:36 Horse Collar
16:22 Bow Saw
21:16 Heavy Plow
23:59 Stone Mining
24:00 Gold Mining
25:30 Wheelbarrow
29:25 Imperial Age
27:29 Hand Cart
27:32 Loom
28:52 Scale Mail Armor
28:57 Scale Barding Armor
29:03 Forging
28:45 Man-at-Arms
29:10 Gambesons
29:26 Squires
29:13 Arson
29:27 Capped Ram
29:33 Hamask
30:34 Conscription
29:38 Long Swordsman
30:42 Chain Mail Armor
31:02 Iron Casting
30:23 Two-Handed Swordsman
32:06 Plate Mail Armor
33:45 Iron Casting
32:35 Champion
33:58 Gold Shaft Mining
33:58 Stone Shaft Mining
33:07 Pikeman
33:42 Halberdier
34:29 Elite Varangian Guard
36:34 Blast Furnace
Connection lost

Rejoining the realm…

Still unreachable

The connection could not be restored.

Session expired

The server has moved on; the page needs a fresh start.